Map: Blackpink LE

Players

CinDra - Winner!

  • Race: Zerg Zerg
  • League: Bronze
  • Spawn Location: 7:00

A.I. 1 (Medium)

  • Race: Protoss Protoss
  • Spawn Location: 1:00

VOD

Have the link to the VOD?

Description

Time

  • Played on: Feb. 5, 2018, 8:25 p.m.
  • Length: 14:47
Show
View Real Time Build Order
Export as new Build Order

CinDra Zerg - Winner!

Build Orders: Hatch First, Muta Ling Bane 

Get SALT Encoding   

  12  0:01  Drone  
  13  0:08  Drone  
  14  0:17  Overlord  
  14  0:37  Drone  
  14  0:38  Drone  
  16  0:51  Hatchery  
  16  0:55  Drone  
  16  0:57  Drone  
  17  1:08  Overlord  
  17  1:16  Drone  
  18  1:22  Drone  
  19  1:30  Spawning Pool  
  18  1:38  Drone  
  19  1:44  Drone  
  19  1:47  Extractor  
  19  1:54  Drone  
  20  2:04  Drone x2  
  22  2:14  Drone  
  23  2:18  Queen x2  
  23  2:19  Drone  
  28  2:26  Zergling x4  
  30  2:38  Overlord  
  30  2:39  Drone  
  31  2:48  Drone x2  
  33  2:57  Overlord x2  
  33  3:09  Metabolic Boost  
  33  3:10  Extractor  
  32  3:15  Zergling x2, Roach Warren  
  32  3:16  Zergling x2  
  33  3:24  Drone x2  
  35  3:35  Drone x4  
  35  3:36  Drone x4  
  43  3:44  Drone  
  43  3:46  Lair  
  44  3:59  Zergling x2  
  44  4:00  Zergling x4  
  44  4:01  Baneling Nest  
  46  4:09  Queen  
  48  4:11  Overlord  
  48  4:12  Overlord  
  48  4:13  Roach x2  
  52  4:28  Overlord x2  
  52  4:30  Drone x2  
  54  4:32  Extractor  
  54  4:35  Extractor  
  54  4:36  Roach x3  
  58  4:49  Drone  
  59  4:58  Drone  
  59  4:59  Drone x5  
  65  5:18  Centrifical Hooks  
  65  5:20  Zergling x6  
  65  5:21  Zergling x8  
  72  5:24  Overlord  
  72  5:37  Drone  
  72  5:38  Drone  
  72  5:42  Hatchery  
  73  5:49  Baneling x4  
  73  5:50  Baneling x16  
  73  5:51  Baneling  
  73  5:52  Baneling x6  
  54  6:12  Roach x6  
  54  6:13  Roach x2  
  70  6:21  Roach  
  72  6:26  Glial Reconstitution  
  72  6:29  Roach  
  74  6:38  Drone  
  75  6:41  Drone  
  76  6:47  Queen  
  78  7:05  Hatchery  
  77  7:09  Drone x2  
  77  7:10  Drone x9  
  77  7:13  Queen  
  92  7:37  Roach x3  
  92  7:40  Overlord x4  
  96  8:09  Overlord x2  
  96  8:10  Roach x6  
  108  8:16  Spire  
  107  8:26  Evolution Chamber  
  106  8:27  Evolution Chamber  
  105  8:55  Extractor  
  104  8:57  Extractor  
  103  9:04  Roach x2  
  103  9:05  Roach x10  
  103  9:06  Roach x12  
  103  9:07  Overlord x2  
  103  9:08  Overlord  
  151  9:51  Mutalisk x6  
  151  9:52  Mutalisk x6  
  175  10:18  Overlord  
  175  10:19  Overlord x8  
  175  10:20  Overlord  
  175  10:21  Overlord x6  
  162  11:02  Zergling x2  
  162  11:03  Zergling x28  
  162  11:04  Zergling x10  
  182  11:18  Queen  
  184  11:40  Zerg Melee Weapons Level 1  
  184  11:41  Zerg Missile Weapons Level 1  
  184  11:43  Zerg Flyer Weapons Level 1  
  184  11:48  Infestation Pit  
  184  11:50  Tunneling Claws  
  183  11:57  Zergling x4  
  183  11:58  Zergling x30  
  200  12:01  Baneling  
  200  12:02  Baneling x16  
  200  12:03  Baneling x11  
  200  12:04  Baneling  
  184  12:58  Mutalisk  
  184  12:59  Mutalisk x7  
Show
View Real Time Build Order
Export as new Build Order

A.I. 1 (Medium) Protoss 

Build Orders:  

Get SALT Encoding   

  12  0:00  Probe  
  13  0:13  Probe  
  14  0:20  Pylon  
  14  0:25  Probe  
  15  0:38  Probe  
  16  0:48  Assimilator  
  16  0:50  Probe  
  16  0:52  Gateway  
  17  1:00  Pylon  
  17  1:02  Probe  
  18  1:29  Gateway  
  18  1:33  Assimilator  
  18  1:40  Zealot  
  18  1:42  Cybernetics Core  
  20  2:07  Zealot  
  22  2:19  Pylon, Stalker  
  22  2:20  Warp Gate  
  24  2:34  Stalker  
  24  2:35  Probe  
  27  2:47  Probe  
  27  2:49  Stalker  
  30  2:54  Pylon  
  30  2:59  Probe  
  30  3:04  Stalker  
  33  3:10  Forge  
  33  3:12  Probe  
  34  3:24  Probe  
  35  3:36  Probe  
  36  5:17  Probe, Sentry  
  36  5:19  Photon Cannon  
  39  5:22  Pylon  
  39  5:25  Robotics Facility  
  39  5:29  Stargate  
  39  5:30  Adept  
  39  5:31  Twilight Council  
  39  5:35  Gateway  
  41  5:39  Forge  
  41  5:41  Photon Cannon  
  41  5:43  Stalker  
  41  5:47  Pylon  
  43  5:56  Sentry  
  43  6:09  Adept  
  35  6:12  Observer  
  36  6:22  Zealot  
  38  6:28  Nexus  
  38  6:34  Stalker, Observer  
  41  6:47  Stalker  
  43  7:00  Stalker  
  45  7:13  Stalker  
  47  7:26  Zealot  
  49  7:41  Probe  
  49  7:44  Probe  
  51  7:50  Assimilator  
  51  7:53  Pylon, Probe  
  51  7:54  Pylon  
  51  7:55  Assimilator  
  51  7:56  Probe  
  53  8:05  Probe  
  54  8:08  Probe  
  55  8:16  Photon Cannon  
  55  8:17  Probe  
  55  8:18  Photon Cannon  
  55  8:19  Photon Cannon  
  56  8:20  Probe  
  57  8:29  Probe  
  57  8:32  Probe  
  59  8:41  Probe  
  59  8:44  Probe  
  61  8:53  Probe  
  62  8:56  Probe  
  63  9:05  Probe  
  63  9:08  Probe  
  65  9:18  Probe  
  65  9:20  Probe  
  67  9:30  Probe  
  68  9:32  Probe  
  69  9:42  Probe  
  70  9:45  Warp Prism  
  70  9:46  Stalker, Protoss Ground Weapons Level 1  
  70  9:48  Gateway  
  70  9:49  Protoss Ground Armor Level 1  
  74  9:53  Robotics Facility  
  74  9:55  Stalker x2  
  74  9:56  Pylon, Stalker  
  76  10:06  Stalker  
  78  10:16  Stalker  
  78  10:18  Dark Shrine  
  80  10:21  Warp Prism  
  80  10:26  Void Ray  
  68  10:36  Zealot  
  68  10:40  Observer  
  67  10:46  Sentry  
  69  10:56  Stalker  
  71  11:06  Stalker  
  73  11:16  Stalker  
  75  11:25  Nexus  
  75  11:26  Stalker  
  77  11:36  Stalker  
  79  12:37  Probe  
  79  12:40  Probe  
  79  12:43  Probe  
  82  12:49  Probe  
  83  12:51  Assimilator  
  83  12:52  Zealot, Probe  
  83  12:53  Pylon  
  83  12:54  Pylon  
  83  12:55  Probe  
  83  12:57  Assimilator  
  61  12:59  Zealot  
  61  13:01  Probe  
  62  13:07  Immortal, Probe  
  57  13:13  Nexus  
  57  13:14  Zealot, Probe  
  57  13:19  Probe  
  51  13:21  Immortal  
  44  13:28  Zealot  
  44  13:31  Probe  
  40  13:35  Zealot  
  39  13:43  Probe  
  39  13:45  Sentry  
  38  13:53  Zealot  
  40  14:00  Stalker  
  35  14:08  Stalker  
  32  14:15  Zealot  
  27  14:21  Probe  
  27  14:23  Zealot  
  27  14:25  Probe  
  25  14:33  Pylon, Probe  
  25  14:37  Zealot  
Tags
 
Composition
Muta Ling Bane
League
Bronze
Matchup
PvZ
Spawn Locations
Cross Positions
Add a new tag
Caveats
  • Supply blocks, unpowered buildings, or Contaminate may cause inaccurate times.
  • Supply counts are checked every 10 seconds.